[Event "1000GM Memorial Day NY IM-B 2023"]
[Site "New York"]
[Date "2023.05.27"]
[Round "3.6"]
[White "Bisiriyu-Salam, Oluwaseun"]
[Black "Bortnyk, Mykola"]
[Result "0-1"]
[ECO "A34"]
[WhiteElo "2011"]
[BlackElo "2425"]
[Annotator "TA"]
[PlyCount "70"]
[EventDate "2023.05.23"]
[EventType "schev"]
[EventCountry "USA"]
[SourceTitle "playchess.com"]
[Source "ChessBase"]
[SourceQuality "1"]
[TimeControl "5400+30"]

1. e4 c5 2. Nf3 e6 3. c4 Nc6 4. Be2 Nf6 5. Nc3 Be7 6. O-O {[%emt 0:00:26] A34: Symmetrical English: 2 Nc3, lines with ...d5.} d5 7. exd5 exd5 8. cxd5 {[%emt 0:00:19] The position is equal.} Nxd5 9. d4 Nxc3 10. bxc3 cxd4 11. cxd4 {[%emt 0:00:16] [#] And now d5 would win.} O-O 12. Be3 Be6 {[%emt 0:01:55][%cal Bc8e6,Be6d5,Bd5e4][%mdl 32] [#]} 13. Qc1 $146 ({Predecessor:} 13. Qd2 Bd5 14. Rab1 Bf6 15. Rfd1 Qe7 16. Ne1 Rfd8 17. Bf3 Rd7 18. Qb2 Bxf3 19. Nxf3 {½-½ Hedke,F (2225)-Van Son,L (2144) Oberliga Nord W 1920 2019 (5.4)}) 13... Rc8 14. Qb2 Bd5 15. Rfd1 Nb4 ({Black should try} 15... Bd6 $15) 16. Rd2 Be4 17. Rc1 (17. Ne1 $11 {keeps the balance.}) 17... Qa5 $36 {[%emt 0:01:35][%mdl 2048] Black has strong initiative.} 18. Bc4 (18. Bf1 $142) 18... b5 (18... Nd5 $142 19. Bxd5 Bxd5 20. Rxc8 Rxc8) 19. Bf1 ({Better is} 19. Bb3) 19... Rxc1 20. Qxc1 Nxa2 {[%emt 0:00:06] Black is much more active.} 21. Qa1 Bd5 22. Rb2 b4 {[%emt 0:00:58] Hoping for ...Rc8.} 23. Ne5 (23. Nd2 {was necessary.} Qa4 24. Bc4 Bxc4 25. Nxc4) 23... Rc8 {[%emt 0:01:18] aiming for ...b3.} 24. Nc4 Bxc4 (24... Rxc4 $2 25. Rxa2 (25. Qxa2 $2 Qxa2 26. Rxa2 b3 $19) 25... Qb6 26. Ra6 $18) 25. Bxc4 b3 (25... Rxc4 $17 26. Rxa2 Qd5 27. Rxa7 Bf8) 26. Bd2 $11 (26. Bxb3 $2 Rc1+ 27. Qxc1 Nxc1 $19) 26... Qxd2 27. Rxd2 $18 Rxc4 {[%emt 0:00:03] [#]} 28. Rd1 {[%emt 0:06:13] Dodges Rc1. Qb2 would be deadly.} a5 29. Qb1 $2 ({Much weaker is} 29. Re1 $6 Bb4 30. Qb2 (30. Re8+ Bf8 $17) 30... Bxe1 $11) (29. d5 $16 Bf6 30. d6) 29... a4 $17 {[%emt 0:00:23] Threatens to win with ...Nc3.} 30. Qe4 $2 {[%emt 0:01:56][%mdl 8192] Loses the game.} (30. Re1 Bf8 31. Kf1 Rc2 $19) (30. Qd3 $17 Rc3 31. Qe2) 30... Bf8 $19 31. Qd5 Rc1 32. Rxc1 Nxc1 33. Qc4 b2 {[%emt 0:00:08] Black mates.} 34. Qc2 a3 35. Kf1 Na2 {[%emt 0:00:20] Magnificent play by Bortnyk!   Weighted Error Value: White=0.84/Black=0.30} 0-1

[Event "1000GM Memorial Day NY IM-B 2023"]
[Site "New York"]
[Date "2023.05.27"]
[Round "4.1"]
[White "Lee, Alice"]
[Black "Nakada, Akira"]
[Result "1/2-1/2"]
[ECO "E46"]
[WhiteElo "2391"]
[BlackElo "2321"]
[Annotator "TA"]
[PlyCount "68"]
[EventDate "2023.05.23"]
[EventType "schev"]
[EventCountry "USA"]
[SourceTitle "playchess.com"]
[Source "ChessBase"]
[SourceQuality "1"]
[TimeControl "5400+30"]

1. d4 Nf6 2. c4 e6 3. Nc3 Bb4 4. e3 O-O 5. Nge2 c6 6. a3 {[%emt 0:00:56] E46: Nimzo-Indian: Rubinstein: 4 e3 0-0 5 Ne2 without early Bd3.} Ba5 7. Ng3 d5 8. Bd3 Nbd7 {[%emt 0:06:11] was the old line (8...dxc4).} 9. O-O e5 10. cxd5 cxd5 {[%emt 0:00:07] [#]} 11. b4 $146 ({Predecessor:} 11. Bf5 Re8 12. Bd2 g6 13. Bh3 exd4 14. exd4 Nf8 15. Bxc8 Rxc8 16. Qb3 Qb6 17. Qxb6 Bxb6 {½-½ Bersamina,P (2391)-Narayanan,S (2461) Asia-ch U20 Tagaytay City 2014 (3)}) 11... Bb6 12. Bf5 exd4 (12... Re8 $11 {was preferrable.}) 13. exd4 $14 Re8 14. Bg5 {[%emt 0:06:05] And now Nxd5 would win.} Nf8 ({Black should play} 14... h6 $1 $14 15. Bxd7 {[%mdl 64] Remove Defender} Bxd7 16. Bxf6 {[%mdl 64] Remove Defender} Qxf6) 15. Bxf6 $16 Qxf6 16. Nxd5 Qxd4 17. Qxd4 (17. Qf3 {keeps more tension.} Ng6 18. Rad1 Qe5 19. Be4) 17... Bxd4 18. Rad1 Bb6 {[%emt 0:00:54] Black is weak on the light squares} 19. Bxc8 Raxc8 20. Nf5 {[%emt 0:00:16] [#] Black must now prevent Nfe7+. Excellent horsemanship.} Rcd8 21. a4 {[%emt 0:04:30] White is more active.} (21. g3 $16) 21... Ne6 $11 {[%emt 0:10:05] The position is equal.} 22. a5 Bd4 23. Nxd4 Rxd5 24. Nxe6 fxe6 {[%emt 0:00:06][%mdl 4096] Endgame KRR-KRR} 25. Rc1 Red8 26. g3 a6 27. Rc7 R8d7 28. Rfc1 Rxc7 29. Rxc7 {[%emt 0:00:05] KR-KR} Rb5 30. Rc4 Kf7 31. Kg2 g5 32. h4 h6 33. hxg5 hxg5 34. Kf3 Kf6 {[%emt 0:01:19] Weighted Error Value: White=0.07 (flawless) /Black=0.07 (flawless)} 1/2-1/2

[Event "1000GM Memorial Day NY IM-B 2023"]
[Site "New York"]
[Date "2023.05.27"]
[Round "4.2"]
[White "Ansh M Shah"]
[Black "Espinosa, Pedro"]
[Result "0-1"]
[ECO "D23"]
[WhiteElo "2171"]
[BlackElo "2229"]
[Annotator "TA"]
[PlyCount "128"]
[EventDate "2023.05.23"]
[EventType "schev"]
[EventCountry "USA"]
[SourceTitle "playchess.com"]
[Source "ChessBase"]
[SourceQuality "1"]
[TimeControl "5400+30"]

1. d4 d5 2. c4 c6 3. Nf3 Nf6 4. Qb3 dxc4 5. Qxc4 Bf5 6. g3 e6 7. Bg2 Nbd7 8. O-O Be7 9. Nc3 O-O 10. Bf4 {[%emt 0:07:22] 10.e3 is a critical line.} h6 {[%emt 0:05:38] D23: Queen's Gambit Accepted: 3 Nf3 Nf6 sidelines.} 11. Rac1 Qb6 12. Na4 $1 Qa5 {[%emt 0:02:55] White is slightly better.} 13. Bd2 {[%emt 1:18:24] [#]} ({White should play} 13. Nc5 $14) 13... Qd5 $146 {[%emt 0:02:57] aiming for ...Qxc4.} ({Predecessor:} 13... Qd8 14. Qb3 b5 15. Nc3 a6 16. Nh4 Rc8 17. Nxf5 exf5 18. Qc2 c5 19. Qxf5 cxd4 {1-0 Dolezal,R (2377)-Serrano Salvador,E (2263) CZE-chT1W 2122 2021 (2.4)}) 14. Nc5 Nxc5 15. dxc5 Be4 {[%emt 0:04:24] Threatens to win with ...Bxf3.} 16. Qxd5 Nxd5 17. Ne5 Bxg2 18. Kxg2 Bf6 (18... a5 $11) 19. Nc4 $14 Rfd8 20. e4 Ne7 21. Ba5 Rd4 22. Rfe1 Nc8 (22... Ng6 $14) 23. Kf3 (23. b3 $16) 23... b5 24. Nd6 Ra4 ({Resist} 24... Nxd6 25. cxd6 Be5 26. Bc3 (26. Rxc6 Rd3+ {[%mdl 64] Discovered Attack} 27. Re3 Rxd6 $14) 26... Rd3+ 27. Ke2 Bxc3 28. Kxd3 Bxe1 29. Rxe1 $16) 25. b4 Ra3+ 26. Re3 Rxa2 27. Rd3 (27. Re2 $15 Ra3+ 28. Kg2) 27... Ne7 $36 {[%emt 0:00:52][%mdl 2048] Black has strong initiative.} 28. Ke3 (28. Kg2 $142) 28... Ng6 29. f4 {[%emt 0:01:28] Prevents Ne5} Rxh2 30. Rcd1 h5 31. R1d2 Rh3 32. Kf3 h4 ({Better is} 32... Nh4+ $1 33. Kf2 Rh2+ 34. Kf1 Rh1+ 35. Kf2 Ng6) 33. Kg2 Rxg3+ 34. Rxg3 hxg3 35. Kxg3 e5 (35... Rb8 $17) 36. f5 $11 Nf4 37. Kf3 g5 (37... g6 $11) 38. Nb7 $1 $14 Kg7 {[%emt 0:01:02] [#] ...Rh8 would be deadly.} 39. Bd8 (39. Nd8 $1 $16) 39... Bxd8 $11 40. Nxd8 {[%emt 0:00:55][%mdl 4096] Endgame KRN-KRN} a5 $1 41. bxa5 {[%emt 0:00:09] White is on the road to losing.} (41. Rd7 $11 {and White is okay.} Nh5 42. Nxf7 g4+ 43. Ke3) 41... Rxa5 $19 {[%emt 0:00:15] ...Ra3+ is the strong threat.} 42. Rd7 {[%emt 0:00:15] [#]} Ra3+ $1 43. Kg4 Rd3 44. Rxd3 (44. Rxf7+ Kg8 45. Rc7 Rxd8 46. Rxc6) 44... Nxd3 45. Nxc6 Nxc5 46. Nxe5 Nxe4 {[%emt 0:00:27] And now ...b4 would win. KN-KN} 47. Kf3 Nd6 {[%emt 0:00:17] Hoping for ...Kf6.} 48. Kg4 f6 49. Nc6 Nc4 50. Nd4 b4 51. Kf3 Nd6 52. Ke3 Kh6 53. Kd3 g4 {[%emt 0:00:44] ( -> ...g3)} 54. Nc6 b3 {[%emt 0:00:30] Black mates.} 55. Nd4 g3 56. Nf3 Nxf5 57. Kc3 g2 58. Ng1 Kg5 59. Kxb3 Kg4 60. Kc4 Nh4 61. Kd5 Nf3 62. Ne2 g1=Q 63. Nxg1 Nxg1 64. Ke6 f5 {[%emt 0:00:11] Weighted Error Value: White=0.74/Black=0.16 (very precise)} 0-1

[Event "1000GM Memorial Day NY IM-B 2023"]
[Site "New York"]
[Date "2023.05.27"]
[Round "4.3"]
[White "Pang, Qi"]
[Black "Hebbar, Eshaan"]
[Result "1-0"]
[ECO "E04"]
[WhiteElo "2165"]
[BlackElo "1969"]
[Annotator "TA"]
[PlyCount "131"]
[EventDate "2023.05.23"]
[EventType "schev"]
[EventCountry "USA"]
[SourceTitle "playchess.com"]
[Source "ChessBase"]
[SourceQuality "1"]
[TimeControl "5400+30"]

1. Nf3 d5 2. g3 c5 3. Bg2 Nf6 4. O-O Nc6 5. d4 e6 6. c4 dxc4 7. Qa4 cxd4 8. Nxd4 Qxd4 9. Bxc6+ Bd7 10. Rd1 Bxc6 {[%emt 0:00:34] 10...Qxd1+ is vanishing.} 11. Qxc6+ bxc6 12. Rxd4 Nd5 {[%emt 0:02:26] E04: Open Catalan: 5 Nf3.} 13. Rxc4 Kd7 14. e4 Nb6 {[%emt 0:01:26] White is better.} 15. Rc2 {[%emt 0:00:16] [#]} Be7 $146 ({Predecessor:} 15... f5 16. f3 fxe4 17. fxe4 Bd6 18. Be3 Rhc8 19. Nd2 e5 20. Rd1 Ke6 21. Rdc1 Kd7 {1-0 Krush,I (2489)-Zatonskih,A (2469) USA-ch (Women) 2014 (8)}) 16. Be3 Rab8 17. Nd2 Rhc8 18. Rd1 Ke8 19. Rdc1 Nd7 20. Nc4 (20. Rxc6 $6 Rxc6 21. Rxc6 Rxb2 $11) 20... c5 21. b3 Rc6 22. Nb2 Rbc8 23. Nd3 e5 ({Better is} 23... Ra6 $14) 24. Kf1 f6 {[%emt 0:02:42] [#]} 25. Nb4 $1 Re6 (25... Rb6 26. Nd5) 26. Nd5 Bf8 27. g4 Rec6 28. Ke2 g6 29. f3 Kf7 30. h3 a6 31. Rc4 Ke6 {[%emt 0:01:15] [#]} 32. Nb4 $1 {[%emt 0:00:40][%mdl 512] White is much more active.} Rb6 33. Nd3 Rbc6 34. b4 Nb6 35. Nxc5+ Kf7 36. R4c3 Nd7 37. Kd3 {[%emt 0:07:29] Black is weak on the light squares} Rd8 (37... Nxc5+ $142 38. bxc5 a5) 38. Ke2 $2 (38. Nb7 $18 Rxc3+ {[%mdl 64] Remove Defender} 39. Rxc3 (39. Kxc3 Rb8 $16) 39... Nc5+ {[%mdl 64] Discovered Attack (Double check)} 40. Ke2 Nxb7 41. Rc7+ {[%mdl 64] Skewer, Double Attack} Be7 42. Rxb7) 38... Nxc5 $2 (38... Rdc8 $1 $11 {and Black has nothing to worry.}) 39. Bxc5 $18 (39. bxc5 $6 Rdc8 $16) 39... Rdc8 40. a3 a5 (40... Bh6 $142) 41. Kd3 {[%emt 0:02:55][%cal Be2d3,Bd3c2,Bc2c3,Bc3b3,Bb3c4,Bc4b5][%mdl 32] And now Bxf8 would win.} Rd8+ 42. Kc2 {[%emt 0:01:15] Hoping for Bxf8.} axb4 43. Bxb4 (43. axb4 $6 Bxc5 44. Rxc5 Rxc5+ 45. bxc5 Ke8) 43... Rxc3+ 44. Kxc3 {[%emt 0:00:16][%mdl 4096] Endgame KRB-KRB} Bh6 45. Rc2 Rd1 46. Kb3 Rb1+ (46... Rd3+ $2 47. Rc3 Rd1 48. a4 $18) 47. Kc4 Be3 48. a4 Ra1 (48... Ke8 $142 49. a5 Kd7) 49. Kb5 h5 50. Rc7+ Kg8 51. gxh5 gxh5 (51... Rb1 $142 52. hxg6 Bd2) 52. a5 h4 53. a6 {[%emt 0:00:19] aiming for Rc3.} Bd4 {[%emt 0:01:26] Repels Rc3} 54. Rb7 (54. Bc5 $142 {Black must now prevent Bxd4.} Rb1+ 55. Kc6) 54... Rb1 55. Rc7 $2 ({White should play} 55. Rd7 $18 {[%cal Od7d4] White threatens Rxd4! and mate.} Be3 56. a7 Bxa7 57. Rxa7) 55... Rb2 $2 (55... Ra1 $11 56. Bc5 Rb1+ 57. Kc4 Rc1+ 58. Kd5 Bxc5) 56. Rc4 Be3 57. Rc3 Bd2 (57... Bf2 $142 58. Kc4 Bd4) 58. Rc4 (58. a7 $142 Bxc3 59. a8=Q+ (59. a8=B Rxb4+ 60. Kc6 Rb8 $19) 59... Kf7 60. Qa3 Rxb4+ 61. Kc5) 58... Be3 59. Rc3 ({Weaker is} 59. Rc7 Bd2 $18) (59. Kc6 $142) 59... Bd2 $1 60. a7 {[%emt 0:01:07] White is clearly winning.} Bxc3 61. a8=Q+ (61. a8=B $2 {is the wrong capture.} Rxb4+ 62. Kc5 Kf7 $19) 61... Kh7 62. Qa7+ Kg6 63. Kc4 {[%emt 0:00:10] Bf8 would kill now.} Bxb4 64. Qa1 {[%emt 0:00:05][%mdl 64] Deflection} Rg2 65. Kxb4 Rg3 66. Qf1 {[%emt 0:01:34] Weighted Error Value: White=0.64/Black=0.25 (precise)} 1-0

[Event "1000GM Memorial Day NY IM-B 2023"]
[Site "New York"]
[Date "2023.05.27"]
[Round "4.4"]
[White "Barbosa, Oliver"]
[Black "Luo, Terry"]
[Result "1-0"]
[ECO "E60"]
[WhiteElo "2492"]
[BlackElo "2321"]
[Annotator "TA"]
[PlyCount "85"]
[EventDate "2023.05.23"]
[EventType "schev"]
[EventCountry "USA"]
[SourceTitle "playchess.com"]
[Source "ChessBase"]
[SourceQuality "1"]
[TimeControl "5400+30"]

1. Nf3 Nf6 2. c4 g6 3. b3 Bg7 4. Bb2 d6 5. d4 O-O 6. g3 Nbd7 {[%emt 0:02:01] 6...e5 injects fresh life into this line.} 7. Bg2 e5 8. e3 {[%emt 0:07:51] E60: King's Indian: Unusual lines and Fianchetto Variation without Nc3.} Re8 9. Nc3 c6 10. Qc2 {[%emt 0:03:06] The position is equal.} Nf8 (10... e4 $5 11. Nd2 Nb6 $14) 11. dxe5 dxe5 12. Rd1 Qa5 13. O-O Bf5 {[%emt 0:00:36] [#]} 14. Qc1 $146 ({Predecessor:} 14. e4 Bg4 15. h3 Bxf3 16. Bxf3 Ne6 17. Ne2 Rad8 18. Bg2 Qc7 19. Rxd8 Rxd8 20. Rd1 {½-½ Redolfi,A (2500)-Kujala,A (2645) FIN jub30-B corr9196 1991}) 14... e4 15. Nd2 h5 16. c5 Qc7 17. Nc4 Bg4 18. Rd2 N8h7 (18... Ne6 $11 {remains equal.}) 19. h3 Bf3 20. Nd6 Re7 21. h4 g5 (21... Rd8 $16) 22. Bxf3 exf3 23. Qd1 gxh4 24. gxh4 (24. Qxf3 Ng5 25. Qh1 (25. Qf5 Re5 $11) 25... Qd7) 24... Ng4 25. Qxf3 Re6 26. Nce4 {[%emt 0:01:47] Bxg7 is the strong threat.} Bxb2 27. Rxb2 Rg6 {[%emt 0:00:10] Hoping for ...Ne5+.} 28. Ng3 Qe7 29. Rd1 (29. Nxh5 $2 Ne5+ $19) 29... Rf8 30. Kg2 (30. Nxh5 $2 {perishes.} Ne5+ $19) 30... Nhf6 31. e4 Ne5 {[%emt 0:02:05] [#]} (31... Kh7 $16) 32. Ndf5 (32. Qc3 $1 $18) 32... Qxc5 $16 33. Qf4 {[%emt 0:00:04] Strongly threatening b4.} Re8 34. Rbd2 Neg4 (34... Kh7 $16 {was called for.}) 35. Rd8 $18 {[%emt 0:00:18] Active counter play!} Rxd8 36. Rxd8+ Kh7 {[%emt 0:00:02][%cal Of6e4] [#]} 37. Nd6 (37. Rb8 $1 $18 Nxe4 38. Rxb7 (38. Nxe4 Qxf5 {[%mdl 64] Remove Defender, Decoy} 39. Qxf5 Ne3+ 40. Kh3 Nxf5 $16) 38... Qxf2+ 39. Qxf2 Ngxf2 40. Rxf7+ (40. Rxa7 Rf6 $16) 40... Kh8 41. Kf3 (41. Rxa7 Nxg3 42. Ne7 Rf6 $16) 41... Nxg3 42. Nxg3) 37... Qe5 $2 {[%emt 0:05:39][%mdl 8192] [#] Black cannot hold the game after this.} (37... Ne5 $14) 38. Rh8+ $3 {[%emt 0:01:49][%mdl 576] Decoy. White is clearly winning.} Kg7 39. Ngf5+ Kxh8 40. Nxf7+ Kh7 41. Nxe5 Nxe5+ 42. Kf1 Nf7 43. Qc7 {[%emt 0:00:00][%csl LRb7,LRf7] Ingenious play by Barbosa!   Weighted Error Value: White=0.17 (very precise) /Black=0.23 (precise)} 1-0

[Event "1000GM Memorial Day NY IM-B 2023"]
[Site "New York"]
[Date "2023.05.27"]
[Round "4.5"]
[White "Nagy, Gabor"]
[Black "Bisiriyu-Salam, Oluwaseun"]
[Result "1-0"]
[ECO "A50"]
[WhiteElo "2468"]
[BlackElo "2011"]
[Annotator "TA"]
[PlyCount "95"]
[EventDate "2023.05.23"]
[EventType "schev"]
[EventCountry "USA"]
[SourceTitle "playchess.com"]
[Source "ChessBase"]
[SourceQuality "1"]
[TimeControl "5400+30"]

1. c4 Nf6 2. Nc3 e6 3. Nf3 b6 4. e4 d6 5. d4 Be7 6. Bd3 {[%emt 0:01:01] A50: Queen's Fianchetto Defence (1 d4 Nf6 2 c4 b6).} Bb7 7. O-O O-O 8. e5 {[%emt 0:02:43] White is better.} Nfd7 {[%emt 0:02:16] [#]} 9. Bc2 $146 ({Predecessor:} 9. Qe2 h6 10. Bc2 Re8 11. Bf4 Nf8 12. Rad1 c6 13. exd6 Bxd6 14. Ne5 Qh4 15. g3 {1-0 Ivanova,S (2049)-Gholami Orimi,A (1817) Wch U16 Girls 2013 (11)}) 9... dxe5 10. dxe5 (10. Nxe5 Nxe5 11. dxe5 Nc6 $11) 10... Nc5 {[%emt 0:01:18] Inhibits Qd3.} 11. Qe2 (11. b4 Qxd1 12. Rxd1 Ncd7 $11) 11... a5 12. Rd1 Nbd7 13. Bf4 {[%emt 0:00:31] White is much more active.} Qc8 14. Rd4 (14. Ng5 {keeps more tension.} g6 15. Qe3 Rd8 16. Qg3) 14... f5 15. Rad1 Bc6 16. R4d2 Qb7 {[%emt 0:03:26] [#]} ({Better is} 16... Bb7 $14) 17. Nd5 $1 Rae8 $1 $14 (17... exd5 18. cxd5 Ba4 19. Bxa4 Nxa4 20. d6 cxd6 21. exd6 $16) 18. Nxe7+ Rxe7 19. h4 Ne4 {[%emt 0:04:00] A dynamic duo of knights.} 20. Rd4 Ndc5 (20... Nec5 $14) 21. Ne1 {[%emt 0:00:28] And now f3 would win.} Na6 22. f3 Nec5 23. b3 Nb4 24. Bb1 Be8 $1 25. R4d2 h6 26. Qe3 Nd7 (26... Nc6 $14) 27. Qc3 (27. a3 $16 Nc6 28. Nd3) 27... Qc6 28. Qe3 (28. Qd4 $14) 28... Qc5 (28... Qb7 $1 $11) 29. Qxc5 bxc5 (29... Nxc5 $14 30. Nc2 Nc6) 30. Be3 $16 f4 31. Bf2 Nc6 32. Nd3 Bg6 33. Nxc5 Ndxe5 34. Ne4 (34. Bxg6 $16 Nxg6 35. Rd7) 34... Rb8 $14 35. Re2 Kf7 36. Be1 Rd7 {[%emt 0:01:14] [#] Black cannot hold the game after this.} ({Black should play} 36... a4 $14) 37. Rxd7+ $1 $18 Nxd7 {[%emt 0:00:05] [#]} 38. Ng5+ $1 {[%emt 0:00:51][%mdl 576] Discovered Attack} hxg5 39. Bxg6+ {[%emt 0:00:06][%mdl 64] Deflection} Kxg6 40. Rxe6+ Kf5 41. Rxc6 {[%emt 0:00:09][%mdl 4096] Endgame KRB-KRN} a4 42. Rxc7 (42. bxa4 Rb1 43. Kf1 Ne5 44. Rxc7 Nd3 $14) 42... axb3 43. axb3 (43. Rxd7 $2 b2 44. Rd5+ (44. Rxg7 $2 b1=Q $19) 44... Ke6 $19) 43... Ne5 44. Bc3 {[%emt 0:01:02] Hoping for Rc5.} (44. Rxg7 gxh4 45. Bxh4 Rxb3 $16) 44... Nd3 {[%emt 0:02:46] Wards off Rc5+} (44... Rxb3 45. Bxe5 Kxe5 46. Rc5+ (46. Rxg7 gxh4 47. Rg5+ Kd4 $18) (46. hxg5 Kf5 $18) 46... Kf6 47. Rxg5 Rd3) 45. Rd7 (45. Rxg7 gxh4 46. Rd7 Nc1 $18) 45... Nc1 46. Rd5+ (46. Rxg7 Ne2+ 47. Kh2 Nxc3 $14) (46. Bxg7 gxh4 47. Rd5+ Kg6 $18) 46... Ke6 47. Re5+ (47. hxg5 Ne2+ 48. Kf2 Nxc3 $17) ({Less strong is} 47. Bxg7 gxh4 48. Rb5 Rg8 $18) 47... Kd6 $2 (47... Kf7 48. b4 (48. Rxg5 Ne2+ 49. Kf2 Nxc3 $11) 48... Na2) 48. Re1 {[%emt 0:42:09] Weighted Error Value: White=0.19 (very precise) /Black=0.35} ({Weaker is} 48. Rxg5 Ne2+ 49. Kh2 Nxc3 $11) 1-0

[Event "1000GM Memorial Day NY IM-B 2023"]
[Site "New York"]
[Date "2023.05.27"]
[Round "4.6"]
[White "Bortnyk, Mykola"]
[Black "Chen, Justin"]
[Result "0-1"]
[ECO "B53"]
[WhiteElo "2425"]
[BlackElo "2333"]
[Annotator "TA"]
[PlyCount "120"]
[EventDate "2023.05.23"]
[EventType "schev"]
[EventCountry "USA"]
[SourceTitle "playchess.com"]
[Source "ChessBase"]
[SourceQuality "1"]
[TimeControl "5400+30"]

1. e4 c5 2. Nf3 d6 3. Nc3 Nf6 4. d4 cxd4 5. Qxd4 Nc6 6. Qe3 {[%emt 0:00:06] B53: Sicilian: 2...d6: Lines with Qxd4.} g6 {[%emt 0:01:45] [#]} 7. b3 $146 (7. h3 $11) ({Predecessor:} 7. Bc4 Bg7 8. h3 O-O 9. O-O b6 10. Rd1 Nd7 11. b3 Bb7 12. Bb2 Rc8 13. Rd2 {1-0 Vachier Lagrave,M (2750)-Giri,A (2761) Norway Chess Armageddon 10th rapid 2022 (9)}) 7... Ng4 $15 8. Qd2 {[%emt 0:04:48] Black is slightly better.} Bh6 9. Qe2 Bg7 10. Bb2 Qa5 11. Qd2 Bh6 $36 {[%emt 0:11:14][%mdl 2048] Black has good play.} 12. Qd3 O-O (12... Qc5 $5 13. Nd1 O-O $15) 13. a3 (13. Qb5 $11 {remains equal.}) 13... Qb6 $17 {[%emt 0:03:21] Black has more active pieces.} 14. Qe2 Be6 $1 15. Rd1 (15. Nd5 $17 Bxd5 16. exd5 Qa5+ 17. b4 Qxd5 18. c4) 15... Rfc8 (15... Bc4 $1 $19 16. bxc4 Qxb2) 16. Nd5 Bxd5 17. Rxd5 Bg7 {[%emt 0:03:48] Repels h4} 18. Bxg7 Kxg7 19. Qd2 {[%emt 0:06:55] [#]} (19. c4 $17) 19... Nf6 $1 $19 20. Rb5 {[%emt 0:00:01] [#]} Qc7 ({Not} 20... Nxe4 21. Qe2 Nc3 22. Rxb6 $15) 21. Bd3 h6 {[%emt 0:00:35] Prevents Rg5.} 22. O-O a6 23. Rb4 Nxb4 24. Qxb4 b5 25. Qd2 Qc5 26. Qc1 Ra7 27. Re1 Rac7 28. h3 Qc3 {[%emt 0:02:23][%cal Oc3d3] And now ...Qxd3! would win.} 29. Qf4 Rc5 30. b4 R5c7 31. e5 dxe5 32. Rxe5 Qxa3 33. g4 {[%emt 0:00:02] [#]} Rc4 $1 {[%emt 0:02:30][%mdl 64] Double Attack} 34. Qe3 Rxb4 35. g5 hxg5 36. Nxg5 Rc7 37. Qg3 Rb1+ 38. Kg2 Qc1 39. Qh2 {[%emt 0:00:01] Inhibits Qh1+.} Rd7 40. Re3 {[%emt 0:00:10] [#]} Rxd3 $1 41. cxd3 {[%emt 0:00:02] [#]} Qxe3 $3 42. fxe3 Rb2+ 43. Kg1 Rxh2 44. Kxh2 {[%emt 0:00:04][%mdl 4096] Endgame KN-KN} a5 45. Nf3 a4 46. Kg3 b4 47. e4 b3 48. Nd2 e5 49. Kf3 Kh6 50. Ke3 Kg5 51. Nf3+ Kh5 52. Kd2 a3 {[%emt 0:00:33][%cal Ba4a3,Ba3a2][%mdl 32] ( -> ...a2)} 53. Kc3 a2 54. Kb2 Nd7 {[%emt 0:00:03] Strongly threatening ...Nc5.} 55. d4 exd4 {[%emt 0:00:22] Black mates.} 56. Nxd4 Nc5 57. e5 Kh4 58. Nf3+ Kg3 59. Ng5 Nd3+ 60. Ka1 Nxe5 {[%emt 0:00:05] Artfully played by Chen.   Weighted Error Value: White=0.75/Black=0.10 (very precise)} 0-1

[Event "1000GM Memorial Day NY IM-B 2023"]
[Site "New York"]
[Date "2023.05.28"]
[Round "5.1"]
[White "Chen, Justin"]
[Black "Ansh M Shah"]
[Result "1/2-1/2"]
[ECO "D40"]
[WhiteElo "2333"]
[BlackElo "2171"]
[Annotator "TA"]
[PlyCount "51"]
[EventDate "2023.05.23"]
[EventType "schev"]
[EventCountry "USA"]
[SourceTitle "playchess.com"]
[Source "ChessBase"]
[SourceQuality "1"]
[TimeControl "5400+30"]

1. Nf3 Nf6 2. c4 e6 3. Nc3 d5 4. d4 c5 5. e3 a6 6. cxd5 Nxd5 7. Bd3 {[%emt 0:01:05] D40: Queen's Gambit Declined: Semi-Tarrasch with 5 e3.} Nxc3 8. bxc3 {[%emt 0:00:04] [#]} Be7 $146 ({Predecessor:} 8... Qc7 9. O-O c4 10. Bc2 Bd6 11. Qe2 b5 12. e4 Bf4 13. Ba3 Bd6 14. Bxd6 Qxd6 {1-0 Gutierrez Palomino,A (1965)-Ferrer Fargas,J (1659) Barcelona Ciutat op-B 2021 (2)}) 9. O-O {[%emt 0:01:34] White is slightly better.} O-O 10. Qc2 g6 11. Rd1 Nd7 12. a4 b6 13. e4 {[%emt 0:06:46] White is much more active. The black rooks are badly placed.} Bb7 14. Bf4 Nf6 15. Qe2 Qc8 16. Re1 Re8 {[%emt 0:03:05] [#]} 17. Rab1 $1 Nh5 18. Be3 Qc7 19. Qb2 b5 20. axb5 axb5 21. Bxb5 ({Much weaker is} 21. Qxb5 Reb8 $11) (21. dxc5 $16 Bxc5 22. Qxb5 Bxe3 23. Rxe3 (23. Qxb7 Qxb7 24. Rxb7 Bc5 $14)) 21... Reb8 $1 $14 22. Qc2 Nf6 $1 {[%emt 0:01:46] The position is equal.} 23. d5 exd5 24. e5 Nh5 25. Qd2 Ng7 26. Bg5 {[%emt 0:05:16] Weighted Error Value: White=0.12 (very precise) /Black=0.06 (flawless)} 1/2-1/2